 Dungeon Crawl Stone Soup version 0.30.0-30-g96aa6591b8 (webtiles) character file.

Game seed: 12164209155130638792

74 GimliDwarf the Conjurer (level 4, -1/34 HPs)
             Began as a Gnoll Wanderer on June 26, 2023.
             Slain by Crazy Yiuf
             ... wielding a +3 quarterstaff of chaos
              (7 damage)
             ... on level 2 of the Dungeon.
             The game lasted 00:03:45 (1628 turns).

GimliDwarf the Conjurer (Gnoll Wanderer)            Turns: 1628, Time: 00:03:45

Health: -1/34      AC:  7    Str: 11    XL:     4   Next: 28%
Magic:  11/11      EV:  7    Int: 10    God:
Gold:   41         SH: 13    Dex: 15    Spells: 12/13 levels left

rFire   . . .        a - +1 spear
rCold   . . .        j - +2 tower shield
rNeg    . . .        c - +0 leather armour
rPois   .            (no helmet)
rElec   .            (no cloak)
rCorr   +            (no gloves)
SInv    .            (no boots)
Will    .....        i - amulet of magic regeneration
Stlth   ++           f - ring of resist corrosion
HPRegen 0.25/turn    l - +4 ring of protection
MPRegen 0.52/turn

%: no passive effects
@: no status effects
A: fangs 1, strong nose, distributed training
a: no special abilities


You were on level 2 of the Dungeon.
You visited 1 branch of the dungeon, and saw 2 of its levels.

You collected 41 gold pieces.

Inventory:

Hand Weapons
 a - a +1 spear (weapon)
Armour
 c - a +0 leather armour (worn)
 j - a +2 tower shield (worn)
Jewellery
 f - a ring of resist corrosion (left hand)
 i - an amulet of magic regeneration (around neck)
 l - a +4 ring of protection (right hand)
Scrolls
 d - 2 scrolls of torment {unknown}
 e - a scroll of vulnerability {unknown}
 h - 2 scrolls of teleportation {unknown}
 k - 3 scrolls of identify {unknown}
 n - a scroll of enchant weapon {unknown}
 o - 2 scrolls of fog {unknown}
Potions
 b - a potion of curing
 g - 3 potions of invisibility {unknown}
 m - 3 potions of lignification {unknown}


   Skills:
 + Level 2.7 Fighting
 + Level 1.1 Short Blades
 + Level 1.1 Long Blades
 + Level 1.1 Axes
 + Level 1.1 Maces & Flails
 + Level 4.6 Polearms
 + Level 1.1 Staves
 + Level 1.1 Ranged Weapons
 + Level 1.1 Throwing
 + Level 2.7 Armour
 + Level 2.7 Dodging
 + Level 1.1 Stealth
 + Level 1.1 Shields
 + Level 1.1 Unarmed Combat
 + Level 5.1 Spellcasting
 + Level 5.4 Conjurations
 + Level 0.9 Hexes
 + Level 0.9 Summonings
 + Level 0.9 Necromancy
 + Level 0.9 Translocations
 + Level 0.9 Transmutations
 + Level 0.9 Fire Magic
 + Level 0.9 Ice Magic
 + Level 0.9 Air Magic
 + Level 0.9 Earth Magic
 + Level 0.9 Poison Magic
 + Level 1.2 Invocations
 + Level 1.1 Evocations


You had 12 spell levels left.
You knew the following spells:

 Your Spells              Type           Power      Damage    Failure   Level
a - Shock                 Conj/Air       32%        1d5       95%         1

Your spell library contained the following spells:

 Spells                   Type           Power      Damage    Failure   Level
 Kiss of Death            Conj/Necr      32%        2d7       95%         1
 Beastly Appendage        Tmut           8%         N/A       100%        1
 Wereblood                Tmut           4%         N/A       100%        2
 Inner Flame              Hex/Fire       4%         N/A       100%        3
 Spider Form              Tmut/Pois      4%         N/A       100%        3
 Sticky Flame             Conj/Fire      8%         2d3       100%        4
 Yara's Violent Unravell  Hex/Tmut       2%         3d3       100%        5
 Enfeeble                 Hex            2%         N/A       100%        7


Dungeon Overview and Level Annotations

Branches:
Dungeon (2/15)

Altars:

Annotations:
D:2 Crazy Yiuf


Innate Abilities, Weirdness & Mutations

You have very sharp teeth.
Your uncanny sense of smell can sniff out nearby items.
Your experience applies equally to all skills.


Message History

k - 3 scrolls labelled DODGHE NEKYSIWA (gained 1)
Press: ? - help, v - describe, . - travel
Here: Crazy Yiuf, wielding a +3 quarterstaff of chaos and wearing a +2 cloak (wandering, hasn't noticed you, fire blocked by a runed translucent door)
The floor.
Failed to move towards target.
You open the door.
There is an open translucent door here.
Crazy Yiuf grits, "Papa testudinal ragdoll!"
You hit Crazy Yiuf.
Crazy Yiuf is lightly wounded.
Crazy Yiuf hits you with a +3 quarterstaff of chaos.
Crazy Yiuf burns you.
You hit Crazy Yiuf but do no damage.
Crazy Yiuf is lightly wounded.
Crazy Yiuf barely misses you.
You hit Crazy Yiuf.
Crazy Yiuf is moderately wounded.
You block Crazy Yiuf's attack.
Crazy Yiuf cries, "Buddy return to song King!"
Crazy Yiuf hits you with a +3 quarterstaff of chaos!
Crazy Yiuf burns you.
You are too injured to fight recklessly!
You are too injured to fight recklessly!
You are too injured to fight recklessly!
You are too injured to fight recklessly!
You hit Crazy Yiuf. You bite Crazy Yiuf, but do no damage.
Crazy Yiuf is moderately wounded.
Crazy Yiuf screams, "Proton!"
Crazy Yiuf hits you with a +3 quarterstaff of chaos.
Crazy Yiuf burns you.
* * * LOW HITPOINT WARNING * * *
You barely miss Crazy Yiuf.
Crazy Yiuf is moderately wounded.
Crazy Yiuf hits you with a +3 quarterstaff of chaos.
* * * LOW HITPOINT WARNING * * *
You hit Crazy Yiuf but do no damage.
Crazy Yiuf is moderately wounded.
Crazy Yiuf closely misses you.
Crazy Yiuf hits you with a +3 quarterstaff of chaos!
You die...

##### #)..#
#.g.# #.@.#
##'## ####
♣.♣♣ ...#
♣♣.♣ ...#
♣.♣♣ ...#
♣♣.♣ ###
...# ♣♣.♣♣
#.##
...#########
♣♣...♣
#..#####
...........#
♣....♣
#......#


You could see Crazy Yiuf.

Vanquished Creatures
  A gnoll (D:1)
  An adder (D:2)
  2 dart slugs
  11 bats
  2 endoplasms (D:1)
  3 giant cockroaches
  7 goblins
  3 hobgoblins (D:1)
  2 quokkas (D:1)
  3 ball pythons
  4 frilled lizards (D:2)
  5 kobolds
  5 rats
49 creatures vanquished.

Notes
Turn   | Place    | Note
-------+----------+-------------------------------------------
     0 | D:1      | GimliDwarf the Gnoll Wanderer began the quest for the Orb.
     0 | D:1      | GimliDwarf set off with the following items: a +1 spear, a
                  | potion of curing, a +0 leather armour; and the following
                  | spells available to memorise: Kiss of Death, Shock, Sticky
                  | Flame.
     0 | D:1      | Reached XP level 1. HP: 17/17 MP: 6/6
     2 | D:1      | Learned a level 1 spell: Shock
   102 | D:1      | Reached XP level 2. HP: 23/23 MP: 7/7
   540 | D:1      | Reached skill level 5 in Spellcasting
   540 | D:1      | Reached XP level 3. HP: 28/28 MP: 7/9
   805 | D:1      | Reached skill level 1 in Invocations
   850 | D:1      | Reached skill level 1 in Short Blades
   850 | D:1      | Reached skill level 1 in Long Blades
   850 | D:1      | Reached skill level 1 in Axes
   850 | D:1      | Reached skill level 1 in Maces & Flails
   850 | D:1      | Reached skill level 1 in Staves
   850 | D:1      | Reached skill level 1 in Ranged Weapons
   850 | D:1      | Reached skill level 1 in Throwing
   850 | D:1      | Reached skill level 1 in Stealth
   850 | D:1      | Reached skill level 1 in Shields
   850 | D:1      | Reached skill level 1 in Unarmed Combat
   850 | D:1      | Reached skill level 1 in Evocations
  1159 | D:2      | Reached XP level 4. HP: 34/34 MP: 11/11
  1381 | D:2      | Found a runed translucent door.
  1382 | D:2      | Noticed Crazy Yiuf
  1628 | D:2      | Slain by Crazy Yiuf

Illustrated notes

Levels and vault maps discovered:
D:1:      minmay_arrival_stair_chambers, layout_loops_ring
D:2:      layout_rooms, uniq_crazy_yiuf_cottage

Skill      XL: |  1  2  3 |
---------------+----------+-----
Spellcasting   | 5 |  5.1
Invocations    | 1 |  1.2
Short Blades   | 1 |  1.1
Long Blades    | 1 |  1.1
Axes           | 1 |  1.1
Maces & Flails | 1 |  1.1
Staves         | 1 |  1.1
Ranged Weapons | 1 |  1.1
Throwing       | 1 |  1.1
Stealth        | 1 |  1.1
Shields        | 1 |  1.1
Unarmed Combat | 1 |  1.1
Evocations     | 1 |  1.1
Fighting       | |  2.7
Polearms       | |  4.6
Armour         | |  2.7
Dodging        | |  2.7
Conjurations   | |  5.4
Hexes          | |  0.9
Summonings     | |  0.9
Necromancy     | |  0.9
Translocations | |  0.9
Transmutations | |  0.9
Fire Magic     | |  0.9
Ice Magic      | |  0.9
Air Magic      | |  0.9
Earth Magic    | |  0.9
Poison Magic   | |  0.9

Action                     |  1- 3 |  4- 6 || total
---------------------------+-------+-------++-------
  Melee: Spear             |    47 |    45 ||    92
         Punch             |     1 |       ||     1
         Bite              |     2 |     6 ||     8
   Cast: Shock             |    35 |       ||    35
 Armour: Leather armour    |    12 |     9 ||    21
  Dodge: Dodged            |    17 |    11 ||    28
  Block: Tower shield      |     6 |    25 ||    31
